AoeStats
← Umdeuter

Arabian Desert

508741536Analyzed
1v1 RM · 7d ago on Sep 23, 2026· 35m 29s· 2 players
Game mode
Random Map
Map size
Tiny (2 player)
Population
200
Speed
Normal
Resources
Standard
Victory
Conquest
Starting age
Dark Age
Ending age
Imperial Age
RankedLock teamsTeams togetherTeam positionsShared explorationLock speedFull tech treeHidden civsTurbo modeCheats
Victory
Defeat
🇩🇪 Celts · Germany
1933
+21
🇩🇪 Wei · Germany
2042
-21
Umdeuter
4:07 Loom
11:11 Feudal Age
11:58 Double-Bit Axe
13:47 Town Watch
14:51 Man-at-Arms
15:59 Fletching
23:40 Castle Age
23:24 Gold Mining
23:45 Crossbowman
24:20 Bodkin Arrow
24:02 Elite Skirmisher
24:59 Padded Archer Armor
30:25 Wheelbarrow
Cengo
6:21 Loom
8:55 Feudal Age
10:03 Double-Bit Axe
11:15 Horse Collar
16:51 Fletching
16:50 Town Watch
18:19 Gold Mining
22:25 Castle Age
22:02 Padded Archer Armor
23:30 Bow Saw
24:04 Bodkin Arrow
31:26 Scale Barding Armor
Connection lost

Rejoining the realm…

Still unreachable

The connection could not be restored.

Session expired

The server has moved on; the page needs a fresh start.